 Dungeon Crawl Stone Soup version 0.25.0-1-g7eea58d2a3 (webtiles) character file.

Game seed: 5412148212351439051

201 Curus the Chopper (level 5, -7/45 HPs)
             Began as a Minotaur Monk on June 14, 2020.
             Was a Follower of Okawaru.
             Mangled by an ogre
             ... wielding a +0 giant club
              (12 damage)
             ... on level 4 of the Dungeon.
             The game lasted 00:12:25 (2580 turns).

Curus the Chopper (Minotaur Monk)                   Turns: 2580, Time: 00:12:26

Health: -7/45      AC:  7    Str: 15    XL:     5   Next: 50%
Magic:  2/4        EV: 15    Int:  7    God:    Okawaru [*.....]
Gold:   139        SH:  0    Dex: 14    Spells: 4/4 levels left

rFire    . . .     SeeInvis .   a - +0 hand axe
rCold    . . .     Gourm    .   (no shield)
rNeg     . . .     Faith    .   g - +1 ring mail
rPois    .         Spirit   .   (helmet restricted)
rElec    .         Reflect  .   (no cloak)
rCorr    .         Harm     .   (no gloves)
MR       .....                  (no boots)
Stlth    +++.......             (no amulet)
HPRegen  0.15/turn              (no ring)
MPRegen  0.09/turn              (no ring)

@: heroism
A: retaliatory headbutt, horns 2
a: Heroism, Renounce Religion


You were on level 4 of the Dungeon.
You worshipped Okawaru.
Okawaru was aware of your devotion.
You were not hungry.

You visited 2 branches of the dungeon, and saw 5 of its levels.

You collected 139 gold pieces.

Inventory:

Hand Weapons
 a - a +0 hand axe (weapon)
Armour
 b - a +0 robe
 e - a +0 leather armour
 g - a +1 ring mail (worn)
Jewellery
 i - an uncursed ring of fire
Scrolls
 d - a scroll of identify
 f - 3 scrolls of teleportation
Potions
 j - 3 potions of curing
Comestibles
 c - 4 rations
 h - 5 chunks of flesh


   Skills:
 - Level 3.6(8.6) Fighting
 + Level 7.6(12.6) Axes
 - Level 3.2(8.2) Dodging
 - Level 1.5(6.5) Stealth


You had 4 spell levels left.
You didn't know any spells.
Your spell library was empty.

Dungeon Overview and Level Annotations

Branches:
Dungeon (4/15)             Temple (1/1) D:4

Altars:
Ashenzari
Makhleb
Okawaru
Sif Muna
Wu Jian
Xom
Yredelemnul


Innate Abilities, Weirdness & Mutations

You reflexively headbutt those who attack you in melee.
You have a pair of horns on your head.


Message History

The ogre is lightly wounded.
The ogre hits you with a +0 giant club!!
Ouch! That really hurt!
* * * LOW HITPOINT WARNING * * *
You gain the combat prowess of a mighty hero.
You hit the ogre but do no damage.
You headbutt the ogre, but do no damage.
The ogre is lightly wounded.
The ogre misses you.
You hit the ogre.
The ogre is lightly wounded.
You slash the ogre!
The ogre is heavily wounded.
The ogre misses you. You furiously retaliate!
You headbutt the ogre. You closely miss the ogre.
The ogre is severely wounded.
You barely miss the ogre. Your headbutt misses the ogre.
The ogre is severely wounded.
The ogre hits you with a +0 giant club!
You die...

#................#..#.
#.......#'########....
#########.......#.....
#..............#.....
#..............#....#
#..............#....#
#.....##....####+##+#
#.....##....# <..
#...@O.>...... ...
#.............. ...
#.............. ...
#............. ...
#...$........
#.....<......
#############


You could see an ogre.

Vanquished Creatures
  A worker ant (D:4)
  7 adders (D:2)
  An ooze (D:2)
  4 worms
  A dart slug (D:1)
  5 leopard geckos
  6 orcs
  3 giant cockroaches
  10 goblins
  7 hobgoblins
  7 jackals (D:2)
  2 quokkas (D:2)
  A ball python (D:1)
  5 bats
  7 frilled lizards
  11 kobolds
  A leopard gecko skeleton (D:4)
  A quokka skeleton (D:4)
  6 rats
86 creatures vanquished.

Notes
Turn   | Place    | Note
-------+----------+-------------------------------------------
     0 | D:1      | Curus the Minotaur Monk began the quest for the Orb.
     0 | D:1      | Reached XP level 1. HP: 19/19 MP: 0/0
    90 | D:1      | Reached skill level 4 in Axes
    97 | D:1      | Reached XP level 2. HP: 24/26 MP: 1/1
   387 | D:1      | Reached skill level 5 in Axes
   454 | D:1      | Reached XP level 3. HP: 31/31 MP: 2/2
   744 | D:2      | Reached XP level 4. HP: 38/39 MP: 3/3
   749 | D:2      | Reached skill level 6 in Axes
  1548 | D:2      | Found a shimmering altar of Xom.
  1642 | D:2      | Reached skill level 7 in Axes
  1642 | D:2      | Reached XP level 5. HP: 43/45 MP: 4/4
  2384 | D:4      | Found a staircase to the Ecumenical Temple.
  2430 | Temple   | Entered the Ecumenical Temple
  2511 | Temple   | Became a worshipper of Warmaster Okawaru
  2511 | Temple   | Reached * piety under Okawaru
  2511 | Temple   | Reached ** piety under Okawaru
  2569 | D:4      | Noticed an ogre
  2580 | D:4      | Mangled by an ogre

Illustrated notes

Levels and vault maps discovered:
D:1:      lightli_arrival_statue_moat, layout_loops_ring, minmay_misc_feat_tiny,
          minmay_misc_feat_doors
D:2:      layout_basic, marbit_many_paths
D:3:      layout_loops_cross, first_ration
D:4:      layout_gridville, minmay_temple_entry_arrows, serial_shops,
          nicolae_shop_behind_doors
Temple:   nicolae_temple_the_god_donut

Skill      XL: |  1  2  3  4 |
---------------+-------------+-----
Axes           | 4 5 7 |  7.6
Fighting       | |  3.6
Dodging        | |  3.2
Stealth        | |  1.5

Action                   |  1- 3 |  4- 6 || total
-------------------------+-------+-------++-------
Melee: Hand axe          |    64 |   174 ||   238
       Headbutt          |    12 |    28 ||    40
Invok: Heroism           |       |     1 ||     1
  Use: Scroll            |     3 |     2 ||     5
       Potion            |       |     5 ||     5
 Stab: Sleeping          |     1 |       ||     1
  Eat: Chunk             |       |     5 ||     5
Armor: Robe              |     3 |       ||     3
       Ring mail         |     9 |    47 ||    56
Dodge: Dodged            |    38 |    88 ||   126
